 Dungeon Crawl Stone Soup version 0.17-a0-1534-gf98da79 (webtiles) character file.

11953 ztt the Cleaver (level 11, -15/101 HPs)
             Began as a Hill Orc Fighter on July 17, 2015.
             Was a High Priest of Makhleb.
             Demolished by a minotaur
             ... wielding a +0 eveningstar of draining
              (20 damage)
             ... in a labyrinth.
             The game lasted 00:25:38 (11911 turns).

ztt the Cleaver (Hill Orc Fighter)                 Turns: 11911, Time: 00:25:38

Health: -15/101    AC: 19    Str: 28    XL:     11   Next: 85%
Magic:  11/11      EV: 11    Int:  8    God:    Makhleb [*****.]
Gold:   421        SH: 11    Dex: 10    Spells: 1 memorised, 6 levels left

rFire  . . .     SeeInvis .     a - +1 war axe
rCold  . . .     Clarity  .     Q - +0 plate armour
rNeg   + . .     SustAt   .     c - +0 shield
rPois  +         Gourm    .     (no helmet)
rElec  .         Spirit   .     N - +0 cloak (curse)
rCorr  .         Warding  +     E - +2 pair of gloves
rMut   .         Stasis   .     P - +1 pair of boots
MR     .....                    S - amulet of warding
Stlth  ..........               I - ring of poison resistance
                                g - +4 ring of evasion

@: mighty, very slightly contaminated, hasted, heavily drained, very quick, not
resistant to hostile enchantments, extremely unstealthy
A: hooves 1
a: Minor Destruction, Lesser Servant of Makhleb, Major Destruction, Greater
Servant of Makhleb, Renounce Religion


You were in a labyrinth.
You worshipped Makhleb.
Makhleb was extremely pleased with you.
You were not hungry.

You visited 3 branches of the dungeon, and saw 13 of its levels.
You also visited: Labyrinth.

You collected 661 gold pieces.
You spent 240 gold pieces at shops.

Inventory:

Hand weapons
 a - a +1 war axe (weapon)
 V - a +0 mace
Armour
 c - a +0 shield (worn)
 E - a +2 pair of gloves (worn)
 N - a cursed +0 cloak (worn)
 P - a +1 pair of boots (worn)
 Q - a +0 plate armour (worn)
Jewellery
 f - an uncursed ring of see invisible
 g - a +4 ring of evasion (left hand)
 h - an uncursed ring of protection from magic
 n - an uncursed ring of protection from fire
 v - an uncursed ring of sustain attributes
 x - an uncursed ring of wizardry
 I - a ring of poison resistance (right hand)
 S - an amulet of warding (around neck)
 T - an uncursed ring of magical power {unknown}
 X - a +6 ring of intelligence
Magical devices
 p - a wand of magic darts (23)
 t - a wand of teleportation (2)
 y - a wand of paralysis (9)
 K - a wand of disintegration (9)
 L - a wand of fire (7)
 M - a wand of magic darts (27)
 R - a wand of random effects (20)
 U - a wand of digging (7)
Scrolls
 q - 5 scrolls of fear
 w - 2 scrolls of recharging
 z - 3 scrolls of teleportation
 A - 2 scrolls of enchant weapon
 B - a scroll of magic mapping
 G - 2 scrolls of remove curse
 H - 2 scrolls of enchant armour
 J - 2 scrolls of amnesia
Potions
 b - a potion of degeneration {unknown}
 d - a potion of might
 i - a potion of agility
 j - a potion of brilliance
 l - a potion of invisibility
 r - 2 potions of flight
 s - 7 potions of curing
 u - 2 potions of haste
 C - a potion of cure mutation
 O - a potion of ambrosia {unknown}
Books
 m - a book of Unlife

   Spells                             Type                      Level
   a - Recall                         Summoning/Translocation      3
   b - Animate Dead                   Necromancy                   4
   c - Control Undead                 Necromancy                   4
   d - Cigotuvi's Embrace             Necromancy                   5
   e - Death Channel                  Necromancy                   6
   f - Simulacrum                     Ice/Necromancy               6
 Y - a book of Death

   Spells                             Type                      Level
   a - Corpse Rot                     Necromancy                   2
   b - Sublimation of Blood           Necromancy                   2
   c - Agony                          Necromancy                   5
   d - Dispel Undead                  Necromancy                   5
   e - Excruciating Wounds            Charms/Necromancy            5
   f - Bolt of Draining               Conjuration/Necromancy       5
Comestibles
 e - 9 bread rations
 o - 2 beef jerkies
 F - 2 meat rations
 W - 15 fruits


   Skills:
 + Level 10.7(8.9) Fighting
 + Level 13.6(11.6) Axes
 + Level 8.5(6.8) Armour
 + Level 5.1(3.5) Dodging
 - Level 0.1(0.0) Stealth
 + Level 9.7(8.0) Shields
 + Level 0.4(0.0) Evocations


You had 6 spell levels left.
You knew the following spells:

 Your Spells              Type           Power        Failure   Level  Hunger
a - Animate Dead          Necr           N/A          100%        4    #####..


Dungeon Overview and Level Annotations

Branches:
Dungeon (11/15)            Temple (1/1) D:5            Lair (1/8) D:11
    Orc (0/4) D:9

Altars:
Ashenzari
Cheibriados
Dithmenos
Elyvilon
Fedhas
Gozag
Kikubaaqudgha
Makhleb
Nemelex Xobeh
Okawaru
Qazlal
Ru
Sif Muna
Trog
Vehumet
Xom
Yredelemnul
Zin
The Shining One

Shops:
D:10 *   D:11 =

Annotations:
D:6 1 exclusion
D:11 exclusion: oklob plant


Innate Abilities, Weirdness & Mutations

You have large cloven feet.


Message History

The minotaur is severely wounded.
You block the minotaur's attack. The minotaur gores you.
* * * LOW HITPOINT WARNING * * *
The minotaur blocks your attack.
The minotaur is severely wounded.
You hit the minotaur but do no damage.
The minotaur is severely wounded.
You block the minotaur's attack. The minotaur gores you.
* * * LOW HITPOINT WARNING * * *
You hit the minotaur but do no damage.
The minotaur is severely wounded.
Unknown command.
Unknown command.
Unknown command.
Drink which item? (? for menu, Esc to quit)
Okay, then.
You slash the minotaur!
The minotaur is almost dead.
The minotaur hits you with an eveningstar of draining!!
You die...

# # #.# #
.# #.# #
## .
.#.## . #
.#.. # ..
#. .#.##
# # # #.#
#
####.#.#
#.. ..
.#H# #
##.##
####@# .
...
..#.....#
### #
###.###
..#.. .#
. #.. #
## .##
### ### .
.. .# ยง
.# ## #
..... #


You could see a minotaur.

Vanquished Creatures
  Josephine (D:11)
  The ghost of emikaela the Spear-Bearer, an experienced DgWn (Lair:1)
  Pikel (D:7)
  A hill giant (D:11)
  A cyclops (D:10)
  A gargoyle (D:10)
  A spiny frog (Lair:1)
  A two-headed ogre (D:8)
  2 slime creatures (D:11)
  Sigmund (D:3)
  2 deep elf magi
  Eustachio (D:6)
  5 wraiths (D:11)
  An ice beast (D:7)
  4 hungry ghosts (Lab)
  A wyvern (D:8)
  Menkaure (D:5)
  3 orc warriors
  3 porcupines (Lair:1)
  8 ogres
  4 black bears
  The ghost of Alipheese the Poker, an average NaSk (D:3)
  An eye of draining (D:11)
  A necrophage (D:5)
  3 slaves (D:7)
  3 sky beasts
  A crocodile (Lair:1)
  5 centaurs
  8 giant frogs
  2 phantoms
  A big kobold (D:8)
  Blork the orc (D:4)
  2 gnoll sergeants
  6 scorpions
  3 killer bees (D:9)
  An electric eel (Lair:1)
  A quasit (D:7)
  2 crimson imps
  3 jellies
  7 worker ants
  Crazy Yiuf (D:7)
  A centaur zombie (D:11)
  A giant frog skeleton (D:5)
  7 orc wizards
  A centaur skeleton (D:4)
  6 hounds
  4 orc priests
  Terence (D:3)
  An iguana (Lair:1)
  3 hound skeletons
  A hound zombie (D:9)
  Robin (D:4)
  A worker ant zombie (D:7)
  11 adders
  8 river rats
  12 gnolls
  3 shadow imps
  An ooze (D:3)
  2 adder skeletons
  4 giant geckos
  56 orcs
  11 bats
  A bat skeleton (D:6)
  A bat zombie (D:5)
  4 giant cockroaches
  19 hobgoblins
  13 jackals
  2 ball pythons
  7 giant newts
  26 goblins
  19 kobolds
  5 quokkas
  A quokka skeleton (D:4)
  A quokka zombie (D:5)
  22 rats
  3 plants (D:6)
357 creatures vanquished.

Vanquished Creatures (others)
  A slave (D:7)
  An orc wizard (D:7)
  2 orcs (D:7)
  2 fungi (D:11)
  4 plants
10 creatures vanquished.

Grand Total: 367 creatures vanquished

Notes
Turn   | Place    | Note
--------------------------------------------------------------
     0 | D:1      | ztt the Hill Orc Fighter began the quest for the Orb.
     0 | D:1      | Reached XP level 1. HP: 19/19 MP: 1/1
     6 | D:1      | Noticed a fire drake
     6 | D:1      | Noticed a wolf
     6 | D:1      | Noticed a black bear
     8 | D:1      | Noticed a lindwurm
     8 | D:1      | Noticed a black mamba
    67 | D:1      | Reached skill level 4 in Fighting
    67 | D:1      | Reached XP level 2. HP: 25/27 MP: 2/2
   695 | D:2      | Reached XP level 3. HP: 31/33 MP: 3/3
  1070 | D:3      | Noticed Sigmund
  1075 | D:3      | Noticed Terence
  1079 | D:3      | Killed Sigmund
  1079 | D:3      | Reached skill level 1 in Dodging
  1079 | D:3      | Reached XP level 4. HP: 38/41 MP: 4/4
  1079 | D:3      | Reached XP level 5. HP: 43/47 MP: 5/5
  1094 | D:3      | Killed Terence
  1094 | D:3      | Reached skill level 5 in Fighting
  1094 | D:3      | Reached XP level 6. HP: 53/56 MP: 6/6
  1201 | D:3      | Noticed a centaur
  1208 | D:3      | Killed a centaur
  1267 | D:3      | Found a bloodstained altar of Trog.
  1297 | D:3      | Found a shadowy altar of Dithmenos.
  1396 | D:3      | Noticed Alipheese's ghost (average NaSk)
  1408 | D:3      | Killed Alipheese's ghost
  1761 | D:3      | Reached skill level 5 in Axes
  1761 | D:3      | Reached XP level 7. HP: 61/61 MP: 7/7
  1852 | D:4      | Found a radiant altar of Vehumet.
  2136 | D:4      | Reached skill level 5 in Shields
  2186 | D:4      | Noticed Blork the orc
  2222 | D:4      | Killed Blork the orc
  2222 | D:4      | Reached skill level 5 in Armour
  2302 | D:4      | Found a shimmering altar of Xom.
  2736 | D:4      | Found a deep blue altar of Sif Muna.
  2738 | D:4      | Found a blossoming altar of Fedhas.
  2863 | D:4      | Noticed Robin
  2875 | D:4      | Killed Robin
  2953 | D:4      | Found a shattered altar of Ashenzari.
  3151 | D:4      | Learned a level 4 spell: Animate Dead
  3226 | D:5      | Entered Level 5 of the Dungeon
  3234 | D:5      | Reached skill level 6 in Axes
  3254 | D:5      | Noticed Menkaure
  3265 | D:5      | Killed Menkaure
  3265 | D:5      | Reached XP level 8. HP: 48/70 MP: 8/8
  3469 | D:5      | Found a staircase to the Ecumenical Temple.
  3486 | Temple   | Entered the Ecumenical Temple
  3648 | Temple   | Became a worshipper of Makhleb the Destroyer
  3912 | D:6      | Found a basalt altar of Yredelemnul.
  3953 | D:6      | Reached skill level 7 in Axes
  4096 | D:6      | Noticed Eustachio
  4199 | D:6      | Acquired Makhleb's first power
  4248 | D:6      | Killed Eustachio
  4637 | D:6      | Reached XP level 9. HP: 63/79 MP: 9/9
  4891 | D:7      | Noticed Pikel
  4913 | D:7      | Killed Pikel
  4913 | D:7      | Reached skill level 8 in Axes
  5462 | D:7      | Acquired Makhleb's second power
  5537 | D:7      | Found a radiant altar of Vehumet.
  5672 | D:7      | Noticed Crazy Yiuf
  5679 | D:7      | Killed Crazy Yiuf
  6282 | D:8      | Found a sacrificial altar of Ru.
  6328 | D:8      | Reached skill level 9 in Axes
  6388 | D:8      | Found a basalt altar of Yredelemnul.
  6432 | D:8      | Gained mutation: You have large cloven feet. [potion of beneficial mutation]
  6445 | D:8      | Reached XP level 10. HP: 68/89 MP: 10/10
  6633 | D:8      | Acquired Makhleb's third power
  7070 | D:8      | Reached skill level 5 in Dodging
  7492 | D:9      | Reached skill level 10 in Axes
  7502 | D:9      | Acquired Makhleb's fourth power
  7730 | D:9      | Found a blossoming altar of Fedhas.
  7823 | D:9      | Found a staircase to the Orcish Mines.
  8080 | D:9      | Reached skill level 11 in Axes
  8247 | D:10     | Entered Level 10 of the Dungeon
  8257 | D:10     | Acquired Makhleb's fifth power
  8378 | D:10     | Found a snail-covered altar of Cheibriados.
  8475 | D:10     | Found Waosyrphi's General Store.
  8493 | D:10     | Bought a scroll of identify for 32 gold pieces
  8493 | D:10     | Bought a potion of haste for 160 gold pieces
  8493 | D:10     | Bought a scroll of teleportation for 48 gold pieces
  9273 | D:10     | Noticed a cyclops
  9288 | D:10     | Killed a cyclops
  9288 | D:10     | Reached XP level 11. HP: 38/99 MP: 11/11
  9479 | D:11     | Noticed a hill giant
  9492 | D:11     | Killed a hill giant
  9492 | D:11     | Reached skill level 10 in Fighting
  9492 | D:11     | Reached skill level 12 in Axes
  9632 | D:11     | Found Penokudo's Jewellery Shop.
  9877 | D:11     | Noticed Josephine
  9895 | D:11     | Killed Josephine
  9924 | D:11     | Noticed an eight-headed hydra
 10077 | D:11     | Found a staircase to the Lair.
 10254 | D:11     | Found a blossoming altar of Fedhas.
 10293 | D:11     | Noticed an oklob plant
 10596 | D:11     | Reached skill level 13 in Axes
 10737 | Lair:1   | Entered Level 1 of the Lair of Beasts
 11072 | Lair:1   | Noticed emikaela's ghost (experienced DgWn)
 11109 | Lair:1   | Killed emikaela's ghost
 11132 | Lair:1   | Found a labyrinth entrance.
 11140 | Lab      | Entered a labyrinth
 11765 | Lab      | Noticed a minotaur
 11909 | Lab      | HP: 5/101 [minotaur/eveningstar of draining (3)]
 11911 | Lab      | Demolished by a minotaur

Vault maps used:
D:1:      onia_arrival_zoo_common
D:3:      bloody_trog, nicolae_dithmenos_shadow_blocks, uniq_sigmund,
          uniq_terence
D:4:      kennysheep_goblin_castle, overflow_temple_1_default,
          lemuel_crystal_altar, minitemple, uniq_blork_the_orc
D:5:      temple_statues, first_bread, uniq_menkaure
D:6:      wad_woods_settlement, yredelemnul_altar_generic, uniq_eustachio
D:7:      vehumet_altar_wand_db, uniq_pikel, uniq_crazy_yiuf_cottage
D:8:      nicolae_ru_sacrificial_ziggurat, old_standard_altar
D:9:      orc_0_dummy, special_room, hangedman_tree_tricks
D:10:     serial_shops, kennysheep_mini_moat, basic_altar
D:11:     serial_shops, shop_fountains, tgw_fedhas, uniq_josephine
Temple:   roderic_octagonal_lattice_temple
Lair:1:   lab_entry_generic, roderic_batcave
Lab:      nicolae_lab_dead_adventurers, labyrinth_skeletal_remains, lab_hedge

Action                   |  1- 3 |  4- 6 |  7- 9 | 10-12 || total
-------------------------+-------+-------+-------+-------++-------
Melee: War axe           |    93 |    75 |   544 |   710 ||  1422
Evoke: Wand              |       |       |       |     4 ||     4
  Use: Scroll            |     7 |     2 |    10 |     7 ||    26
       Potion            |       |       |     1 |     5 ||     6
 Stab: Distracted        |       |       |       |     1 ||     1
  Eat: Chunk             |       |     3 |    10 |     6 ||    19
       Royal jelly       |       |       |     1 |     1 ||     2
       Meat ration       |       |       |     1 |       ||     1
       Pizza             |       |       |       |     5 ||     5
       Beef jerky        |       |       |       |     2 ||     2
